 Dungeon Crawl Stone Soup version 0.27.1-4-g1640c2035a (webtiles) character file.

Game seed: 16358129261311811650

140 iamoutofideas the Magician (level 5, -2/42 HPs)
             Began as a Deep Elf Fire Elementalist on Nov 4, 2021.
             Slain by Ijyb (4 damage)
             ... on level 2 of the Dungeon.
             The game lasted 00:03:43 (2752 turns).

iamoutofideas the Magician (DEFE)                   Turns: 2752, Time: 00:03:44

Health: -2/42      AC:  5    Str:  5    XL:     5   Next: 2%
Magic:  6/13       EV: 13    Int: 21    God:
Gold:   63         SH:  0    Dex: 15    Spells: 9/13 levels left

rFire    . . .     SeeInvis +   (no weapon)
rCold    . . .     Faith    .   (no shield)
rNeg     . . .     Spirit   .   a - +0 robe
rPois    .         Reflect  .   j - +2 helmet {SInv}
rElec    .         Harm     .   (no cloak)
rCorr    .         Rampage  .   (no gloves)
Will     .....                  (no boots)
Stlth    ..........             (no amulet)
HPRegen  0.14/turn              (no ring)
MPRegen  0.13/turn              (no ring)

@: berserking, very quick
A: no striking features
a: no special abilities


You were on level 2 of the Dungeon.
You visited 1 branch of the dungeon, and saw 3 of its levels.

You collected 63 gold pieces.

Inventory:

Hand Weapons
 k - a +0 short sword
Armour
 a - a +0 robe (worn)
 b - a +1 hat
 j - a +2 helmet of see invisible (worn)
Scrolls
 d - a scroll of fear {unknown}
 f - a scroll of brand weapon {unknown}
 g - a scroll of enchant weapon {unknown}
 h - 2 scrolls of identify {unknown}
 i - a scroll of immolation
Potions
 c - a potion of berserk rage
 e - a potion of brilliance {unknown}
 l - a potion of mutation {unknown}


   Skills:
 + Level 2.8 Dodging
 + Level 3.0 Stealth
 + Level 4.6 Spellcasting
 + Level 2.4 Conjurations
 + Level 4.5 Fire Magic


You had 9 spell levels left.
You knew the following spells:

 Your Spells              Type           Power      Damage    Failure   Level
a - Foxfire               Conj/Fire      76%        2x1d7     2%          1
b - Conjure Flame         Conj/Fire      19%        6-21      9%          3

Your spell library contained the following spells:

 Spells                   Type           Power      Damage    Failure   Level
 Inner Flame              Hex/Fire       14%        N/A       13%         3
 Sticky Flame             Conj/Fire      19%        2d4       26%         4
 Fireball                 Conj/Fire      9%         3d6       58%         5


Dungeon Overview and Level Annotations

Branches:
Dungeon (3/15)

Altars:

Annotations:
D:2 exclusion: downstairs, Ijyb


Message History

You conjure some foxfire!
The foxfire hits Ijyb.
Ijyb is heavily wounded.
The foxfire hits Ijyb but does no damage.
Ijyb is heavily wounded.
Ijyb hits you with a +0 dagger. Ijyb closely misses you.
Your foxfire dissipates!
The foxfire hits Ijyb but does no damage.
Ijyb is moderately wounded.
An adder comes into view.
Casting: Foxfire (safe; 2% risk of failure)
Confirm with . or Enter, or press ? or * to list all spells.
You conjure some foxfire!
The adder hisses angrily.
Ijyb hits you with a +0 dagger.
* * * LOW HITPOINT WARNING * * *
Ijyb misses you.
Your foxfire dissipates!
The foxfire hits Ijyb but does no damage.
Ijyb is moderately wounded.
Ijyb hits you but does no damage.
Ijyb zaps a wand.
Some rock shatters into small pieces.
You see here a +0 spear.
Ijyb hits you but does no damage. Ijyb hits you with a +0 dagger.
* * * LOW HITPOINT WARNING * * *
Ijyb hits you but does no damage.
There is a stone staircase leading up, spattered with blood here.
Ijyb hits you with a +0 dagger.
* * * LOW HITPOINT WARNING * * *
You climb upwards.
Level annotation: exclusion: downstairs
There is a stone staircase leading down here.
Unknown command.
It was a potion of berserk rage.
A red film seems to cover your vision as you go berserk!
You feel yourself moving faster!
You feel mighty! Ijyb hits you with a +0 dagger.
* * * LOW HITPOINT WARNING * * *
Ijyb hits you with a +0 dagger.
You die...

#.......#.## #.#
###.#.#....# #.#
#####.#####.####.#
......# ###.##.#
####### #..##.### ...#
#..##...## ##.#
#..###...#############
#.#
#..##.....#...........
#.#
#....@g.....##########
#.# #.###.....### #.#
#.# ##...## ##.#
####.# ##.##
...######....#####.#
..........#........#
##...........#######
#.#########.#
#...........#


You could see Ijyb (fast).

Vanquished Creatures
  8 gnolls
  An adder (D:3)
  2 worms
  6 ball pythons
  4 bats
  4 endoplasms
  2 giant cockroaches
  3 hobgoblins
  5 jackals (D:1)
  A quokka (D:1)
  3 frilled lizards
  5 goblins
  4 kobolds
  3 rats (D:1)
51 creatures vanquished.

Vanquished Creatures (others)
  238 foxfires
238 creatures vanquished.

Grand Total: 289 creatures vanquished

Notes
Turn   | Place    | Note
-------+----------+-------------------------------------------
     0 | D:1      | iamoutofideas the Deep Elf Fire Elementalist began the
                  | quest for the Orb.
     0 | D:1      | Reached XP level 1. HP: 10/10 MP: 6/6
   276 | D:1      | Reached XP level 2. HP: 15/15 MP: 5/8
   482 | D:1      | Found a faded altar of an unknown god.
  1105 | D:2      | Reached XP level 3. HP: 19/19 MP: 6/9
  1982 | D:2      | Learned a level 3 spell: Conjure Flame
  2406 | D:3      | Reached XP level 4. HP: 24/24 MP: 8/12
  2624 | D:3      | Reached XP level 5. HP: 24/28 MP: 0/13
  2726 | D:3      | Noticed Ijyb
  2752 | D:2      | HP: 2/42 [Ijyb (6)]
  2752 | D:2      | Slain by Ijyb

Illustrated notes

Levels and vault maps discovered:
D:1:      minmay_arrival_plants_in_alcoves, layout_rooms,
          hellmonk_ecumenical_altar_blasted, minmay_pentomino_x2
D:2:      layout_loops_ring, nrook_loot_triangle, grunt_decor_resistance
D:3:      layout_basic, minivault_24, kennysheep_generic_room_9, uniq_ijyb,
          uniq_terence, uniq_robin

Skill      XL: |  1  2  3  4 |
---------------+-------------+-----
Fire Magic     | 4 |  4.5
Spellcasting   | 4 |  4.6
Conjurations   | 2 |  2.4
Stealth        | 3 |  3.0
Dodging        | |  2.8

Action                   |  1- 3 |  4- 6 || total
-------------------------+-------+-------++-------
Melee: Unarmed           |     1 |       ||     1
 Cast: Foxfire           |   107 |    37 ||   144
       Conjure Flame     |       |     1 ||     1
  Use: Potion            |       |     1 ||     1
Armor: Robe              |    13 |     5 ||    18
Dodge: Dodged            |    34 |     4 ||    38
